 Dungeon Crawl Stone Soup version 0.32-a0-928-g1cae6b7ea0 (webtiles) character file.

Game seed: 9860434447274315265

133 Autsider the Apothecary (level 4, 0/21 HPs)
             Began as a Spriggan Alchemist on Apr 12, 2024.
             Slain by a scorpion (5 damage)
             ... on level 4 of the Dungeon.
             The game lasted 00:07:28 (3194 turns).

Autsider the Apothecary (Spriggan Alchemist)        Turns: 3194, Time: 00:07:28

Health: 0/21       AC:  3    Str:  4    XL:     4   Next: 94%
Magic:  7/11       EV: 16    Int: 18    God:
Gold:   229        SH:  0    Dex: 17    Spells: 6/11 levels left

rFire   + . .        g - +0 sling
rCold   + . .        (no shield)
rNeg    . . .        a - +0 robe
rPois   +            (helmet restricted)
rElec   +            i - +0 cloak
rCorr   +            (gloves unavailable)
SInv    +            (boots unavailable)
Will    +....        (no amulet)
Stlth   +++          (no ring)
HPRegen 0.23/turn    (no ring)
MPRegen 0.12/turn

%: no passive effects
@: lethally poisoned (0 -> -6), resistant, enlightened, flying, very slightly
contaminated, very quick
A: very small, no large weapons, unfitting armour, see invisible, speed 3, thin
skeletal structure 1, evolution 2
a: no special abilities


You were on level 4 of the Dungeon.
You visited 1 branch of the dungeon, and saw 4 of its levels.

You collected 229 gold pieces.

Inventory:

Hand Weapons
 d - a +0 trident
 f - a +0 short sword of venom
 g - a +0 sling (weapon)
Missiles
 m - a throwing net
Armour
 a - a +0 robe (worn)
 i - a +0 cloak (worn)
Scrolls
 c - 2 scrolls of identify {unknown}
 h - 4 scrolls of teleportation {unknown}
 j - a scroll of summoning {unknown}
 k - a scroll of revelation {unknown}
 n - 2 scrolls of immolation {unknown}
Potions
 b - a potion of magic


   Skills:
 - Level 2.6 Dodging
 - Level 3.0 Stealth
 - Level 4.0 Spellcasting
 - Level 0.6 Conjurations
 + Level 0.0 Fire Magic
 * Level 5.6 Alchemy


You had 6 spell levels left.
You knew the following spells:

 Your Spells              Type           Power      Damage    Failure   Level
a - Sting                 Conj/Alch      56%        1d6       4%          1
b - Olgreb's Toxic Radia  Alch           23%        N/A       14%         4

Your spell library contained the following spells:

 Spells                   Type           Power      Damage    Failure   Level
 Mercury Vapours          Alch/Air       26%        N/A       7%          2
 Mephitic Cloud           Conj/Alch/Air  11%        N/A       19%         3
 Sticky Flame             Fire/Alch      13%        2d5       41%         4


Dungeon Overview and Level Annotations

Branches:
Dungeon (4/15)
 Temple: D:4-7

Altars:

Shops:
D:3 [

Annotations:
D:2 exclusion: downstairs
D:3 3 runed translucent doors, Dirtsage's ghost, amateur VSGl


Innate Abilities, Weirdness & Mutations

You are very small and have problems with some larger weapons.
You are too small for most types of armour.
You have supernaturally acute eyesight. (SInv)
You cover ground extremely quickly. (Speed+++)
You have a somewhat thin skeletal structure. (Dex +2, Stealth+)
You have great hidden genetic potential.


Message History

There is an open door here.
There is an open door here.
An orc comes into view. It is wielding a +0 club.
The orc shouts!
You shoot a sling bullet. The sling bullet barely misses the orc.
A scorpion comes into view.
You shoot a sling bullet. The sling bullet hits the scorpion.
The scorpion is lightly wounded.
An iguana comes into view.
You shoot a sling bullet.
The sling bullet closely misses the scorpion.
The iguana hisses angrily.
Casting: Olgreb's Toxic Radiance (astonishingly dangerous; 14% risk of failure)
Confirm with . or Enter, or press ? or * to list all spells.
You miscast Olgreb's Toxic Radiance.
You are very lightly contaminated with residual magic.
Parts of your body briefly turn golden.
You are lethally poisoned!
You feel very sick.
It was a potion of resistance.
You feel protected.
You feel very sick.
* * * LOW HITPOINT WARNING * * *
You feel very sick.
It was a potion of mutation.
You feel extremely strange.
Your bones become slightly less dense.
You feel a hidden potential growing inside you.
Your hidden genetic potential grows.
* * * LOW HITPOINT WARNING * * *
You feel sick.
Sorry, you're not good enough to have a special ability.
Sorry, you're not good enough to have a special ability.
Sorry, you're not good enough to have a special ability.
It was a potion of enlightenment.
You feel very buoyant.
You fly up into the air.
* * * LOW HITPOINT WARNING * * *
You feel very sick. The scorpion stings you.
You die...

#########.####
#............#
#............#
#...........)# .
#...........<# ..
#...........†# ~~z
#............# ~~~~
#............# .~~~~
#..........@s#............#
############.o............#
#######........##
........z.. .....z...
...z... #..... #.<# #.....#


You could see a scorpion and an orc.

Vanquished Creatures
  4 gnolls
  An adder (D:2)
  2 dart slugs (D:1)
  A ribbon worm (D:3)
  6 orcs (D:3)
  3 endoplasms
  7 goblins
  4 hobgoblins
  3 jackals
  6 quokkas
  9 ball pythons
  9 bats
  3 frilled lizards
  4 kobolds
  9 rats
71 creatures vanquished.

Notes
Turn   | Place    | Note
-------+----------+-------------------------------------------
     0 | D:1      | Autsider the Spriggan Alchemist began the quest for the
                  | Orb.
     0 | D:1      | Reached XP level 1. HP: 9/9 MP: 5/5
   129 | D:1      | Reached XP level 2. HP: 12/13 MP: 0/7
   486 | D:1      | Reached skill level 4 in Alchemy
   842 | D:2      | Reached XP level 3. HP: 16/16 MP: 5/8
  1692 | D:3      | Found Gonoarih's Antique Armour Emporium.
  1853 | D:3      | Reached XP level 4. HP: 21/21 MP: 8/10
  1869 | D:3      | Learned a level 4 spell: Olgreb's Toxic Radiance
  1890 | D:3      | Reached skill level 5 in Alchemy
  2607 | D:3      | Found a runed translucent gate.
  2607 | D:3      | Found a runed translucent gate.
  2608 | D:3      | Found a runed translucent gate.
  2610 | D:3      | Noticed Dirtsage's ghost (amateur VSGl)
  3187 | D:4      | Noticed a scorpion
  3193 | D:4      | Gained mutation: You have a somewhat thin skeletal
                  | structure. (Dex +2, Stealth+) [potion of mutation]
  3193 | D:4      | Gained mutation: You have hidden genetic potential. [potion
                  | of mutation]
  3193 | D:4      | Gained mutation: You have great hidden genetic potential.
                  | [potion of mutation]
  3194 | D:4      | Slain by a scorpion

Illustrated notes

Levels and vault maps discovered:
D:1:      minmay_arrival_three_doors, layout_rooms
D:2:      layout_loops_ring
D:3:      layout_basic, gammafunk_ghost_necromancy, serial_shops,
          nicolae_shop_tiny_glass, grunt_decor_fettered
D:4:      layout_basic, serial_park_tiny_pond, uniq_crazy_yiuf_cottage

Skill      XL: |  1  2  3  4 |
---------------+-------------+-----
Spellcasting   | 3 4 |  4.0
Alchemy        | 4 5 |  5.6
Dodging        | |  2.6
Stealth        | |  3.0
Conjurations   | |  0.6

Action                     |  1- 3 |  4- 6 || total
---------------------------+-------+-------++-------
  Melee: Trident           |     9 |       ||     9
         Short sword       |     5 |    27 ||    32
         Unarmed           |     2 |       ||     2
   Fire: Sling             |       |    17 ||    17
   Cast: Sting             |    80 |    23 ||   103
         Olgreb's Toxic Ra |       |     7 ||     7
    Use: Potion            |       |     3 ||     3
   Stab: Sleeping          |     2 |     3 ||     5
 Armour: Robe              |    17 |    16 ||    33
  Dodge: Dodged            |    36 |    39 ||    75

Table legend: (Time is in decaauts)
 A = Elapsed time spent in this place.
 B = Non-inter-level travel time spent in this place.
 C = Inter-level travel time spent in this place.
 D = Time resting spent in this place.
 E = Time spent auto-exploring this place.
 F = Levels seen in this place.
 G = Mean time per level.
                   A        B        C        D        E       F      G
               +--------+--------+--------+--------+--------+-----+--------+
         Total |   2469 |   2400 |     69 |    160 |   1762 |   4 |  617.2 |
       Dungeon |   2469 |   2400 |     69 |    160 |   1762 |   4 |  617.2 |
               +--------+--------+--------+--------+--------+-----+--------+

Top non-repeatable levels by time:
     D:3: 843 daAuts
     D:2: 761 daAuts
     D:1: 657 daAuts
     D:4: 207 daAuts
